AoeStats
← LWwcnm

Pilgrims

510244551Analyzed
4v4 RM · 11h ago on Sep 30, 2026· 40m 6s· 8 players
Game mode
Random Map
Map size
Large (8 player)
Population
200
Speed
Normal
Resources
Standard
Victory
Conquest
Starting age
Dark Age
Ending age
Imperial Age
RankedLock teamsTeams togetherTeam positionsShared explorationLock speedFull tech treeHidden civsTurbo modeCheats
Victory
Defeat
🇪🇨 Chinese · Ecuador
1058
+15
🇨🇱 Burgundians · Chile
993
+18
🇺🇸 Dravidians · United States
986
+18
🇺🇸 Italians · United States
983
+18
🇨🇳 Vietnamese · China
1062
-18
🇺🇸 Huns · United States
1053
-18
🇯🇵 Armenians · Japan
1018
-17
🇺🇸 Teutons · United States
998
-16
sengfan
12:44 Feudal Age
13:18 Double-Bit Axe
17:44 Castle Age
15:50 Fishing Lines
17:30 Gold Mining
19:26 Horse Collar
20:25 Heavy Plow
20:45 Fletching
21:33 Wheelbarrow
21:14 Bow Saw
21:40 Bloodlines
21:30 Husbandry
21:27 Bodkin Arrow
21:28 Gillnets
24:28 Padded Archer Armor
26:56 Hand Cart
27:32 Ballistics
31:51 Imperial Age
32:47 Gold Shaft Mining
32:03 Stone Mining
31:50 Light Cavalry
32:51 Leather Archer Armor
32:47 Forging
32:42 Scale Barding Armor
33:16 Parthian Tactics
33:00 Thumb Ring
33:04 Bracer
34:53 Two-Man Saw
35:31 Chemistry
36:09 Iron Casting
35:55 Chain Barding Armor
36:13 Hussar
38:55 Blast Furnace
37:35 Heavy Cavalry Archer
40:06 Marauders
40:27 Conscription
Dirty Dan
4:42 Loom
13:06 Feudal Age
13:43 Double-Bit Axe
13:40 Horse Collar
15:08 Wheelbarrow
17:46 Town Watch
17:52 Town Watch
20:46 Castle Age
22:31 Bow Saw
22:24 Heavy Plow
22:22 Fishing Lines
23:22 Scale Barding Armor
23:28 Forging
24:00 Hand Cart
24:41 Hand Cart
24:58 Medium Warships
27:41 Bloodlines
30:32 Chain Barding Armor
30:48 Iron Casting
32:51 Demolition Ship
36:57 Imperial Age
36:46 Scale Mail Armor
36:36 Fletching
37:09 Cavalier
38:29 Plate Barding Armor
38:54 Blast Furnace
39:16 Paladin
LWwcnm
10:38 Feudal Age
12:21 Fletching
17:32 Loom
18:41 Double-Bit Axe
18:53 Gold Mining
19:06 Padded Archer Armor
19:18 Forging
18:35 Man-at-Arms
22:18 Castle Age
23:13 Medium Warships
23:03 Bodkin Arrow
24:21 Long Swordsman
24:53 Fishing Lines
25:53 Ballistics
26:13 Town Watch
27:42 Clinker Construction
27:31 Stone Mining
28:48 Bow Saw
28:52 Careening
30:32 Cilician Fleet
32:21 Wheelbarrow
陈先锋
10:32 Feudal Age
11:46 Double-Bit Axe
13:35 Horse Collar
17:31 Castle Age
15:57 Stone Mining
16:32 Gold Mining
18:22 Bow Saw
18:20 Heavy Plow
20:31 Padded Archer Armor
21:12 Town Watch
22:40 Fletching
23:08 Leather Archer Armor
24:25 Bloodlines
24:16 Husbandry
25:51 Crossbowman
26:42 Squires
27:59 Thumb Ring
29:31 Wheelbarrow
28:42 Loom
30:18 Treadmill Crane
30:44 Town Patrol
36:00 Hand Cart
36:06 Hand Cart
36:59 Bodkin Arrow
38:13 Fortified Wall
38:15 Masonry
38:54 Ballistics
Maj. Payne
7:12 Loom
13:06 Feudal Age
13:32 Double-Bit Axe
13:30 Fishing Lines
13:52 Gold Mining
17:59 Castle Age
16:01 Fletching
16:16 Padded Archer Armor
16:08 Stone Mining
16:39 Scale Mail Armor
18:41 Forging
19:00 Bow Saw
18:51 Town Watch
19:05 Bodkin Arrow
19:04 Gillnets
20:38 Medium Warships
21:19 Wheelbarrow
22:56 Hand Cart
26:30 Clinker Construction
26:30 Careening
30:39 Imperial Age
27:37 Pikeman
28:17 Squires
28:03 Arson
30:40 Caravan
30:22 Horse Collar
30:24 Elite Skirmisher
30:31 Light Cavalry
32:01 Heavy Warships
33:28 Carvel Hull
33:29 Dry Dock
33:22 Masonry
35:39 Husbandry
37:05 Ballistics
37:06 Shipwright
36:52 Siphons
37:23 Conscription
37:43 Town Patrol
38:00 Siege Elephant
38:23 Halberdier
Merellia
8:08 Loom
16:06 Feudal Age
17:37 Fishing Lines
20:48 Castle Age
18:44 Stone Mining
21:45 Medium Warships
22:16 Wheelbarrow
21:54 Gillnets
22:37 Town Watch
23:27 Demolition Ship
24:21 Fletching
25:21 Hand Cart
28:51 Bodkin Arrow
29:21 Padded Archer Armor
33:03 Imperial Age
31:02 Leather Archer Armor
31:09 Gold Mining
32:12 Double-Bit Axe
33:48 Ballistics
33:40 Careening
33:43 Clinker Construction
34:25 Conscription
34:07 Bracer
35:42 Bow Saw
36:18 Town Patrol
36:52 Ring Archer Armor
38:53 Heavy Warships
39:40 Chemistry
40:18 Carvel Hull
40:19 Dry Dock
henry2992
11:41 Feudal Age
10:38 Loom
17:06 Castle Age
15:42 Padded Archer Armor
16:51 Fletching
17:08 Double-Bit Axe
18:28 Wheelbarrow
18:43 Medium Warships
20:46 Horse Collar
23:20 Bow Saw
25:04 Stone Mining
26:17 Hand Cart
30:46 Elite Skirmisher
34:37 Imperial Age
32:32 Heavy Plow
33:17 Caravan
33:59 Leather Archer Armor
33:47 Scale Mail Armor
34:24 Bodkin Arrow
37:54 Two-Man Saw
36:43 Town Watch
36:55 Gold Mining
37:40 Stone Shaft Mining
37:58 Ring Archer Armor
37:28 Bracer
38:02 Town Patrol
38:10 Scale Barding Armor
38:16 Forging
37:30 Cavalier
38:21 Bloodlines
38:01 Pikeman
38:41 Squires
39:01 Halberdier
GERMANICO7222
0:33 Double-Bit Axe
4:08 Loom
12:48 Feudal Age
11:49 Gold Mining
12:24 Fishing Lines
26:43 Castle Age
25:21 Gold Shaft Mining
24:59 Bow Saw
27:35 Medium Warships
31:44 Wheelbarrow
33:36 Gillnets
39:12 Hand Cart
38:43 Town Watch
Connection lost

Rejoining the realm…

Still unreachable

The connection could not be restored.

Session expired

The server has moved on; the page needs a fresh start.